 Dungeon Crawl Stone Soup version 0.24.0-13-gcf9b319 (webtiles) character file.

Game seed: 15482121873977650371, levelgen mode: deterministic

20970 Bronimir the Cleaver (level 12, 0/122 HPs)
             Began as an Ogre Fire Elementalist on Mar 31, 2020.
             Was a Priest of Makhleb.
             Slain by a torpor snail (16 damage)
             ... on level 4 of the Lair of Beasts.
             The game lasted 00:42:04 (18732 turns).

Bronimir the Cleaver (Ogre Fire Elementalist)      Turns: 18732, Time: 00:42:04

Health: 0/122      AC:  7    Str: 18    XL:     12   Next: 85%
Magic:  4/24       EV: 13    Int: 17    God:    Makhleb [***...]
Gold:   663        SH:  0    Dex: 11    Spells: 4/28 levels left

rFire    . . .     SeeInvis +   b - +6 arbalest of Action {venom, Dex+4 SInv}
rCold    . . .     Gourm    .   (shield currently unavailable)
rNeg     . . .     Faith    .   n - +2 robe
rPois    +         Spirit   .   (helmet restricted)
rElec    .         Reflect  .   (no cloak)
rCorr    +         Harm     .   (gloves unavailable)
MR       ++...                  (boots unavailable)
Stlth    ++........             t - amulet of magic regeneration
HPRegen  0.30/turn              r - ring of poison resistance
MPRegen  0.44/turn              s - ring of resist corrosion

@: slowed, very slow
A: large, unfitting armour, yellow scales 1, clumsy 1, deterioration 1, magic
resistance 1, sense surroundings 1, poison resistance, tough skin 1, evolution 1
a: Minor Destruction, Lesser Servant of Makhleb, Renounce Religion


You were on level 4 of the Lair of Beasts.
You worshipped Makhleb.
Makhleb was most pleased with you.
You were near starving.

You visited 3 branches of the dungeon, and saw 14 of its levels.

You collected 663 gold pieces.

Inventory:

Hand Weapons
 a - the +8 mithril axe "Arga" {speed, MR+}
   (You found it on level 7 of the Dungeon)

   Attacks with this weapon are significantly faster.
   It affects your resistance to hostile enchantments.
 b - the +6 arbalest of Action (weapon) {venom, Dex+4 SInv}
   (You found it on level 8 of the Dungeon)

   It poisons the ammo it fires.
   It affects your dexterity (+4).
   It lets you see invisible.
 g - a +2 trident of piercing
 E - a +2 hand axe of flaming
Missiles
 d - 15 boomerangs
 i - 55 bolts (quivered)
 w - 92 arrows
 z - 16 poisoned darts
 B - 8 javelins
Armour
 n - a +2 robe (worn)
Magical Staves
 y - an uncursed staff of wizardry
Jewellery
 r - a ring of poison resistance (left hand)
 s - a ring of resist corrosion (right hand)
 t - an amulet of magic regeneration (around neck)
 D - a +4 amulet of reflection
Wands
 h - a wand of random effects (13)
 l - a wand of enslavement (13)
 o - a wand of digging (2)
 v - a wand of scattershot (5)
 x - a wand of flame (48)
 A - a wand of iceblast (9)
 F - a wand of acid (5)
Scrolls
 f - 3 scrolls of enchant armour
 k - 5 scrolls of identify
 p - 4 scrolls of teleportation
 q - 2 scrolls of remove curse
 u - a scroll of enchant weapon
 C - 2 scrolls of magic mapping
 J - 2 scrolls of immolation
Potions
 e - a potion of agility
 j - a potion of curing
 m - a potion of flight
 G - a potion of haste
 I - a potion of invisibility
 K - a potion of brilliance
Comestibles
 c - 16 rations


   Skills:
 + Level 8.6 Fighting
 * Level 9.2(9.4) Axes
   Level 2.3(5.8) Maces & Flails
 + Level 1.1(5.9) Polearms
 + Level 3.4 Crossbows
 + Level 3.6 Throwing
 * Level 6.9 Dodging
 - Level 1.4 Stealth
 * Level 8.6 Spellcasting
 + Level 5.7 Conjurations
 + Level 0.1 Hexes
 * Level 8.4 Fire Magic
 * Level 7.3 Invocations


You had 4 spell levels left.
You knew the following spells:

 Your Spells              Type           Power        Failure   Level  Hunger
a - Flame Tongue          Conj/Fire      ####.        1%          1    None
b - Throw Flame           Conj/Fire      ####..       1%          2    None
c - Conjure Flame         Conj/Fire      ####....     1%          3    #......
d - Sticky Flame          Conj/Fire      ####....     5%          4    ###....
e - Fireball              Conj/Fire      ####......   14%         5    #####..
f - Inner Flame           Hex/Fire       ###.....     4%          3    #......
g - Confuse               Hex            #.......     28%         3    #......
h - Gell's Gravitas       Tloc           #.........   30%         3    #......

Your spell library contained the following spells:

 Spells                   Type           Power        Failure   Level  Hunger
 Confusing Touch          Hex            #.....       10%         1    None
 Cause Fear               Hex            #.........   67%         4    ###....
 Petrify                  Tmut/Erth      #.......     69%         4    ###....
 Metabolic Englaciation   Hex/Ice        #.........   95%         5    #####..
 Silence                  Hex/Air        #.........   95%         5    #####..
 Yara's Violent Unravell  Hex/Tmut       #.........   95%         5    #####..
 Deflect Missiles         Chrm/Air       #.........   100%        6    ######.
 Discord                  Hex            #.........   100%        8    #######


Dungeon Overview and Level Annotations

Branches:
Dungeon (9/15) Temple (1/1) D:5 Lair (4/6) D:9 Shoals (0/4) Lair:2 Lair:3 Spider (0/4) Lair:3 Orc: D:9-12

Altars:
Ashenzari
Cheibriados
Dithmenos
Elyvilon
Fedhas
Gozag
Hepliaklqana
Kikubaaqudgha
Makhleb
Nemelex Xobeh
Okawaru
Qazlal
Ru
Sif Muna
Trog
Uskayaw
Vehumet
Wu Jian
Yredelemnul
Zin
The Shining One


Innate Abilities, Weirdness & Mutations

You are too large for most types of armour.
You have tough skin. (AC +1)
You are partially covered in yellow scales. (AC +2)
You are clumsy. (Dex -2)
Your body sometimes deteriorates upon taking damage.
You are resistant to hostile enchantments. (MR+)
You passively map a small area around you.
Your system is resistant to poisons. (rPois)
You evolve.


Message History

Aiming: Sticky Flame (safe; 5% risk of failure)
Press: ? - help, Shift-Dir - straight line, f - torpor snail
Aim: a torpor snail The sticky flame hits the torpor snail.
The torpor snail is lightly wounded.
The torpor snail is covered in liquid flames!
The torpor snail burns! x2; The torpor snail bites you!
* * * LOW HITPOINT WARNING * * *
You feel better.
The torpor snail burns!
The torpor snail bites you.
* * * LOW HITPOINT WARNING * * *
Okay, then.
Casting: Sticky Flame (safe; 5% risk of failure)
Confirm with . or Enter, or press ? or * to list all spells.
Aiming: Confuse (safe; 28% risk of failure)
Press: ? - help, Shift-Dir - straight line, f/p - torpor snail
Aim: a torpor snail (lightly wounded, covered in liquid flames, chance to defeat MR: 23%)
The torpor snail resists with almost no effort.
The torpor snail burns!
The torpor snail stops burning.
The torpor snail bites you!
You die...

.########.. , ,, .# #**,
..### , * ## *#.....## ,
# ###### ......#### , ,
## ###P##.# ##.#.......
#.##...P.### #........ ,
* ##........P###.+.... *
* , *
#....[.......#..#.# * ,
* P..........P.'.⌠@.## *
#..........###..w†?####*
. , #...P......#
#.#......#...#
...........#
#..##†(......#
#........###
###.#((.⌠...#. *
##.....### .(.........*
*, #.....## *
#..#.⌠.((⌠.#. , ...P..#
, *..(.#...$..... * ,
..##### * ..(.
#...⌠..... ,


You could see a torpor snail.

Vanquished Creatures
  A hydra (Lair:2)
  A two-headed ogre (D:9)
  Pikel (D:7)
  The ghost of cdecastro the Thaumaturge, a novice GrEE of Vehumet (D:8)
  An oklob plant (Lair:3)
  2 manticores
  A gargoyle (D:7)
  4 black mambas
  4 spiny frogs
  A torpor snail (Lair:3)
  A rime drake (Lair:2)
  A troll (D:9)
  2 jumping spiders (Lair:3)
  Grinder (D:6)
  8 blink frogs
  5 hippogriffs
  2 dream sheep
  2 redbacks (Lair:3)
  Sigmund (D:2)
  A wyvern (D:8)
  28 yaks
  A spriggan (D:8)
  A basilisk (Lair:3)
  A hungry ghost (D:5)
  2 water moccasins (Lair:1)
  An orc warrior (D:8)
  13 porcupines
  An ice beast (D:5)
  2 sky beasts (D:7)
  5 ogres
  5 wolves
  2 centaurs
  3 phantoms
  2 crocodiles
  A big kobold (D:8)
  8 bullfrogs
  3 scorpions
  9 killer bees (D:9)
  A howler monkey (D:5)
  3 electric eels (D:9)
  3 jellies
  4 crimson imps
  6 hounds
  3 orc priests
  2 bullfrog skeletons
  6 orc wizards
  2 iguanas
  2 worker ants
  Terence (D:2)
  2 hound zombies
  Robin (D:3)
  9 adders
  A howler monkey skeleton (D:5)
  3 shadow imps
  5 oozes
  3 adder zombies
  An adder skeleton (D:5)
  4 worms
  5 dart slugs
  2 leopard geckos
  30 orcs
  8 giant cockroaches
  8 hobgoblins
  3 jackals
  4 quokkas
  3 ball pythons
  5 bats
  3 frilled lizards
  16 goblins
  A jackal zombie (D:7)
  15 kobolds
  A leopard gecko skeleton (D:8)
  A quokka skeleton (D:5)
  10 rats
306 creatures vanquished.

Vanquished Creatures (others)
  A slave (D:7)
  A big kobold (D:7)
  An iguana (D:7)
  A worker ant zombie (D:7)
  A howler monkey skeleton (D:7)
  A quokka (D:7)
  4 kobolds (D:7)
  4 fungi (Lair:2)
  A plant (Lair:2)
15 creatures vanquished.

Grand Total: 321 creatures vanquished

Notes
Turn   | Place    | Note
-------+----------+-------------------------------------------
     0 | D:1      | Bronimir the Ogre Fire Elementalist began the quest for the
                  | Orb.
     0 | D:1      | Reached XP level 1. HP: 16/16 MP: 3/3
   144 | D:1      | Reached XP level 2. HP: 24/24 MP: 5/5
   243 | D:1      | Reached skill level 1 in Conjurations
   324 | D:1      | Reached XP level 3. HP: 27/31 MP: 2/7
   848 | D:2      | Learned a level 2 spell: Throw Flame
   852 | D:2      | Learned a level 3 spell: Conjure Flame
   884 | D:2      | Noticed Sigmund
   891 | D:2      | Reached XP level 4. HP: 37/39 MP: 2/9
  1105 | D:2      | Killed Sigmund
  1105 | D:2      | Reached XP level 5. HP: 22/46 MP: 1/11
  1523 | D:2      | Reached XP level 6. HP: 33/54 MP: 8/12
  1824 | D:2      | Noticed Terence
  1833 | D:2      | Killed Terence
  2181 | D:3      | Learned a level 4 spell: Sticky Flame
  2197 | D:3      | Reached skill level 1 in Fighting
  2591 | D:3      | Found a sacrificial altar of Ru.
  2729 | D:3      | Found a white marble altar of Elyvilon.
  3282 | D:3      | Noticed Robin
  3658 | D:3      | Killed Robin
  3810 | D:3      | Reached skill level 1 in Polearms
  3810 | D:3      | Reached skill level 5 in Spellcasting
  4189 | D:4      | Reached XP level 7. HP: 54/62 MP: 8/14
  4823 | D:4      | Found a snail-covered altar of Cheibriados.
  4999 | D:5      | Entered Level 5 of the Dungeon
  5006 | D:5      | Reached skill level 1 in Maces & Flails
  5006 | D:5      | Reached skill level 1 in Throwing
  5452 | D:5      | Learned a level 5 spell: Fireball
  5493 | D:5      | Reached XP level 8. HP: 12/75 MP: 7/16
  5977 | D:5      | Found a staircase to the Ecumenical Temple.
  6002 | D:5      | Reached skill level 5 in Fire Magic
  6129 | Temple   | Entered the Ecumenical Temple
  6211 | Temple   | Became a worshipper of Makhleb the Destroyer
  6246 | D:5      | Reached skill level 1 in Axes
  6317 | D:5      | Noticed a +0 hand axe
  6317 | D:5      | Noticed a +0 hand axe
  6319 | D:5      | Found a hide-covered altar of Uskayaw.
  6419 | D:5      | Gained mutation: Armour fits poorly on your strangely
                  | shaped body. [potion of mutation]
  6419 | D:5      | Gained mutation: Your system is resistant to poisons.
                  | (rPois) [potion of mutation]
  6447 | D:5      | Reached skill level 2 in Axes
  6447 | D:5      | Reached skill level 1 in Invocations
  7416 | D:6      | Learned a level 3 spell: Inner Flame
  7486 | D:6      | Noticed Grinder
  7497 | D:6      | Killed Grinder
  7497 | D:6      | Reached XP level 9. HP: 80/85 MP: 12/17
  7549 | D:6      | Found an ornate altar of the Wu Jian Council.
  7711 | D:6      | Reached skill level 3 in Axes
  8431 | D:6      | Found a shimmering blue altar of Sif Muna.
  8454 | D:6      | Reached * piety under Makhleb
  8511 | D:7      | Reached skill level 5 in Fighting
  8765 | D:7      | Noticed Pikel
  8781 | D:7      | Killed Pikel
  9229 | D:7      | Noticed a gargoyle
  9382 | D:7      | Lost mutation: Armour fits poorly on your strangely shaped
                  | body. [potion of mutation]
  9382 | D:7      | Lost mutation: Your system is resistant to poisons. (rPois)
                  | [potion of mutation]
  9382 | D:7      | Gained mutation: You are partially covered in yellow
                  | scales. (AC +2) [potion of mutation]
  9382 | D:7      | Gained mutation: Your body sometimes deteriorates upon
                  | taking damage. [potion of mutation]
  9382 | D:7      | Gained mutation: You evolve. [potion of mutation]
  9382 | D:7      | Gained mutation: You are resistant to hostile enchantments.
                  | (MR+) [potion of mutation]
  9386 | D:7      | Killed a gargoyle
  9386 | D:7      | Reached skill level 4 in Axes
  9386 | D:7      | Reached XP level 10. HP: 34/98 MP: 13/19
  9834 | D:7      | Found the +8 mithril axe "Arga" {speed, MR+}
  9991 | D:7      | Found an iron altar of Okawaru.
 10539 | D:8      | Reached ** piety under Makhleb
 10539 | D:8      | Reached skill level 5 in Dodging
 10647 | D:8      | Reached skill level 5 in Axes
 10901 | D:8      | Found a runed translucent door.
 10901 | D:8      | Noticed a manticore
 10902 | D:8      | Noticed cdecastro's ghost (novice GrEE)
 10911 | D:8      | Killed a manticore
 10923 | D:8      | Killed cdecastro's ghost
 10928 | D:8      | Got a shimmering arbalest
 11162 | D:8      | Identified the +6 arbalest of Action {venom, Dex+4 SInv}
                  | (You found it on level 8 of the Dungeon)
 11402 | D:9      | Reached skill level 6 in Axes
 11820 | D:9      | Reached XP level 11. HP: 30/109 MP: 13/21
 11834 | D:9      | Noticed a two-headed ogre
 11839 | D:9      | Reached skill level 7 in Axes
 12158 | D:9      | Killed a two-headed ogre
 12158 | D:9      | Reached skill level 5 in Invocations
 12414 | D:9      | Found a stormy altar of Qazlal.
 12414 | D:9      | Found a hazy altar of Hepliaklqana.
 12443 | D:9      | Found a staircase to the Lair.
 12490 | Lair:1   | Entered Level 1 of the Lair of Beasts
 12858 | Lair:1   | Learned a level 3 spell: Confuse
 12862 | Lair:1   | Learned a level 3 spell: Gell's Gravitas
 13509 | Lair:1   | Gained mutation: You are clumsy. (Dex -2) [evolution]
 13630 | Lair:1   | Reached skill level 8 in Axes
 13633 | Lair:1   | Reached *** piety under Makhleb
 14208 | Lair:2   | Reached skill level 1 in Crossbows
 14341 | Lair:2   | Noticed a six-headed hydra
 14345 | Lair:2   | Killed a six-headed hydra
 14942 | Lair:2   | Reached XP level 12. HP: 58/119 MP: 6/23
 15325 | Lair:2   | Reached skill level 5 in Conjurations
 15757 | Lair:2   | Gained mutation: Your system is resistant to poisons.
                  | (rPois) [evolution]
 15938 | Lair:3   | Found a staircase to the Shoals.
 17297 | Lair:3   | Reached skill level 9 in Axes
 17315 | Lair:3   | Found a hole to the Spider Nest.
 18287 | Lair:4   | Gained mutation: You passively map a small area around you.
                  | [evolution]
 18732 | Lair:4   | Slain by a torpor snail

Levels and vault maps discovered:
D:1:      dpeg_arrival_rooms_with_view, layout_loops_ring, minmay_pentomino_u4
D:2:      layout_loops_ring, minmay_misc_feat_chi, uniq_sigmund, uniq_terence
D:3:      layout_basic, elyvilon_altar_3, nicolae_ru_sacrificial_ziggurat,
          uniq_robin
D:4:      layout_basic, kennysheep_mini
D:5:      layout_basic, dancing_weapons_uskayaw, minmay_temple_entry_glass,
          first_ration, minmay_puff
D:6:      layout_basic, led_sif_book, kennysheep_little_box, minivault_5,
          uniq_grinder
D:7:      layout_rooms, okawaru_metal_pillars_1_2, uniq_pikel
D:8:      layout_basic, ebering_ghost_inner_flame, the_bakery
D:9:      minmay_the_grid_4x2 [minmay_the_grid_odd_star,
          minmay_the_grid_broken_lines, minmay_the_grid_outer_diamond,
          minmay_the_grid_small_cups, minmay_the_grid_pillar_ring,
          minmay_the_grid_garden, minmay_the_grid_spin_star,
          minmay_the_grid_prize_big_room], layout_gridville,
          lemuel_crystal_altar, gammafunk_temple_overflow_elements,
          erik_lair_island, chequers_serial_rivers_room_a
Temple:   nicolae_temple_x_marks_the_god
Lair:1:   layout_chaotic_city, beast_lair_carwin_8, grunt_megastairs_1
Lair:2:   layout_concentric_octagons, infiniplex_staircase_pool
Lair:3:   layout_regular_city, minmay_shoals_entry_beasts, spider_nest_entry_a,
          minmay_lair_oklob_bushes, minivault_23
Lair:4:   layout_concentric_octagons, lemuel_fruit_tree, grunt_megastairs_4

Skill      XL: |  1  2  3  4  5  6  7  8  9 10 11 12 |
---------------+-------------------------------------+-----
Spellcasting   | 3 4 5 6 7 8 |  8.6
Dodging        | 2 3 4 5 6 |  6.9
Fire Magic     | 3 4 5 6 7 8 |  8.4
Conjurations   | 1 2 3 4 5 |  5.7
Fighting       | 1 3 4 5 7 8 |  8.6
Polearms       | 1 |  1.1
Maces & Flails | 1 2 |  2.3
Throwing       | 1 2 3 |  3.6
Axes           | 2 4 6 8 9 |  9.2
Invocations    | 1 3 4 6 7 |  7.3
Crossbows      | 1 3 |  3.4
Stealth        | |  1.4
Hexes          | |  0.1

Action                   |  1- 3 |  4- 6 |  7- 9 | 10-12 || total
-------------------------+-------+-------+-------+-------++-------
Melee: Whip              |     5 |       |       |       ||     5
       Unarmed           |     1 |       |       |       ||     1
       Scythe            |       |    95 |       |       ||    95
       Flail             |       |    11 |    48 |       ||    59
       Hand axe          |       |       |    93 |    13 ||   106
       Battleaxe         |       |       |    12 |       ||    12
       Broad axe         |       |       |       |   172 ||   172
 Fire: Arbalest          |       |       |       |   124 ||   124
Throw: Boomerang         |       |     9 |    69 |     1 ||    79
       Large rock        |       |       |    27 |       ||    27
 Cast: Flame Tongue      |    52 |   110 |    59 |    37 ||   258
       Sticky Flame      |       |     2 |    25 |    78 ||   105
       Throw Flame       |       |       |     9 |    34 ||    43
       Fireball          |       |       |       |     9 ||     9
       Inner Flame       |       |       |       |     2 ||     2
       Confuse           |       |       |       |     1 ||     1
Invok: Lesser Servant of |       |       |       |     1 ||     1
  Use: Scroll            |       |     7 |     1 |     4 ||    12
       Potion            |       |       |    11 |     3 ||    14
 Stab: Sleeping          |       |     5 |       |     1 ||     6
  Eat: Chunk             |       |    10 |    19 |    21 ||    50
       Ration            |       |       |     2 |     6 ||     8
Armor: Robe              |    14 |    84 |    95 |   103 ||   296
Dodge: Dodged            |    22 |   161 |   146 |   234 ||   563
Block: Other             |       |       |       |    10 ||    10
